 Dungeon Crawl Stone Soup version 0.29-a0-323-g050149af67 (webtiles) character file.

Game seed: 16023811606523888762

81 Hubjo the Chiller (level 4, -4/37 HPs)
             Began as a Deep Elf Ice Elementalist on Apr 11, 2022.
             Was a Follower of Kikubaaqudgha.
             Slain by a gnoll
             ... wielding a +0 spear
              (6 damage)
             ... on level 3 of the Dungeon.
             The game lasted 00:10:34 (4181 turns).

Hubjo the Chiller (Deep Elf Ice Elementalist)       Turns: 4181, Time: 00:10:35

Health: -4/37      AC:  2    Str: 11    XL:     4   Next: 20%
Magic:  10/11      EV: 13    Int: 20    God:    Kikubaaqudgha [*.....]
Gold:   194        SH:  0    Dex: 14    Spells: 2/10 levels left

rFire   + . .      SeeInvis .   q - +4 quarterstaff of Bavuyput {vorpal, Fly Str+6 Dex-3}
rCold   x . .      Faith    .   (shield currently unavailable)
rNeg    . . .      Spirit   .   a - +0 robe
rPois   .          Reflect  .   (no helmet)
rElec   .          Harm     .   (no cloak)
rCorr   .          Rampage  .   (no gloves)
Will    .....                   (no boots)
Stlth   ..........              (no amulet)
HPRegen 0.12/turn               o - ring of fire
MPRegen 0.12/turn               (no ring)

@: berserking, flying, very quick
A: no striking features
a: Renounce Religion, Receive Corpses


You were on level 3 of the Dungeon.
You worshipped Kikubaaqudgha.
Kikubaaqudgha was aware of your devotion.
You visited 1 branch of the dungeon, and saw 3 of its levels.

You collected 194 gold pieces.

Inventory:

Hand Weapons
 h - a +1 whip of electrocution
 i - a +2 hand axe of venom
 q - the +4 quarterstaff of Bavuyput (weapon) {vorpal, Fly Str+6 Dex-3}
   (You found it on level 3 of the Dungeon)

   It inflicts extra damage upon your enemies.
   Str:       It affects your strength (+6).
   Dex:       It affects your dexterity (-3).
   Fly:       It grants you flight.
Missiles
 g - 2 throwing nets
 p - 2 javelins (quivered)
Armour
 a - a +0 robe (worn)
Jewellery
 o - a ring of fire (left hand)
Scrolls
 f - 2 scrolls of noise
 l - a scroll of magic mapping
 n - a scroll of amnesia
Potions
 b - a potion of magic
 c - a potion of flight {unknown}
 d - a potion of curing {unknown}
 e - a potion of ambrosia {unknown}
 j - a potion of degeneration {unknown}
 k - a potion of attraction {unknown}
 r - a potion of berserk rage


   Skills:
 + Level 1.4 Fighting
 + Level 0.4 Staves
 + Level 2.9 Dodging
 * Level 3.8 Stealth
 + Level 3.5 Spellcasting
 + Level 4.6 Ice Magic


You had 2 spell levels left.
You knew the following spells:

 Your Spells              Type           Power      Damage    Failure   Level
a - Freeze                Ice            88%        1d10      1%          1
b - Ozocubu's Armour      Ice            22%        N/A       6%          3
c - Hailstorm             Conj/Ice       12%        3d5       45%         4

Your spell library contained the following spells:

 Spells                   Type           Power      Damage    Failure   Level
 Animate Skeleton         Necr           6%         N/A       14%         1
 Corpse Rot               Necr/Air       6%         N/A       21%         2
 Sublimation of Blood     Necr           3%         N/A       21%         2
 Frozen Ramparts          Ice            44%        1d6       6%          3
 Vampiric Draining        Necr           3%         2d6       38%         3


Dungeon Overview and Level Annotations

Branches:
Dungeon (3/15)

Altars:
Kikubaaqudgha


Message History

You kill the quokka!
Kikubaaqudgha accepts your kill.
No target in view!
No target in view!
No target in view!
No target in view!
No target in view!
No target in view!
No target in view!
No target in view!
No target in view!
No target in view!
No target in view!
No target in view!
No target in view!
No target in view!
No target in view!
No target in view!
You see here a quokka corpse.
A gnoll is nearby!
The gnoll shouts!
The gnoll completely misses you. The gnoll hits you with a +0 spear!
You closely miss the gnoll. The gnoll hits you with a +0 spear!
* * * LOW HITPOINT WARNING * * *
Casting: Freeze (safe; 1% risk of failure)
Confirm with . or Enter, or press ? or * to list all spells.
Aiming: Freeze (safe; 1% risk of failure)
Press: ? - help, Shift-Dir - straight line, f - gnoll
Aim: a gnoll, wielding a +0 spear You freeze the gnoll!
The gnoll is severely wounded.
The gnoll hits you with a +0 spear.
* * * LOW HITPOINT WARNING * * *
It was a potion of berserk rage.
A red film seems to cover your vision as you go berserk!
You feel yourself moving faster!
You feel mighty! The gnoll hits you with a +0 spear.
You die...
Kikubaaqudgha rasps: "You have failed me!
Welcome... death!"

#.#..# # #.# #.# #.#..# #.#
#.# ##.#..##### #.# #.#
#.#.......# #.# #.#
.###.####.# #.####..###.####
## ##.# #.# #.##...........#
.###.## #.# #.##.##.###.##.#
#.#.## #.# #.##g# #.##.#
##.## #.# #.##@##. #.##.#
#.# #.# #.##.##.# #..#.#
##.### #.# #.##.##.# ##.#.#
(....# #.###.##.##.# #.#.#
.....####.....##.##.# #.#.#
..............##.##.####.#.#
.....#######.............#.#
.....# #...#...........#
###### #.#.####.########


You could see a gnoll.

Vanquished Creatures
  2 gnolls (D:3)
  An adder (D:3)
  A worm (D:2)
  A dart slug (D:1)
  3 ball pythons
  4 bats
  3 endoplasms
  4 giant cockroaches
  5 goblins
  4 hobgoblins (D:2)
  3 jackals (D:1)
  A kobold (D:2)
  4 quokkas
  3 frilled lizards
  3 rats (D:1)
42 creatures vanquished.

Vanquished Creatures (others)
  A fungus (D:1)
  2 plants (D:1)
3 creatures vanquished.

Grand Total: 45 creatures vanquished

Notes
Turn   | Place    | Note
-------+----------+-------------------------------------------
     0 | D:1      | Hubjo the Deep Elf Ice Elementalist began the quest for the
                  | Orb.
     0 | D:1      | Reached XP level 1. HP: 10/10 MP: 6/6
   625 | D:1      | Reached XP level 2. HP: 3/16 MP: 6/8
  1655 | D:1      | Found a faded altar of an unknown god.
  1971 | D:1      | Prayed at the altar of an unknown god.
  1971 | D:1      | Became a worshipper of Kikubaaqudgha
  1971 | D:1      | Reached * piety under Kikubaaqudgha
  1971 | D:1      | Received a gift from Kikubaaqudgha
  2112 | D:2      | Reached skill level 1 in Fighting
  2543 | D:2      | Reached XP level 3. HP: 20/20 MP: 9/9
  2547 | D:2      | Learned a level 3 spell: Ozocubu's Armour
  3430 | D:3      | Identified the +4 quarterstaff of Bavuyput {vorpal, Fly
                  | Str+6 Dex-3}
  3631 | D:3      | HP: 1/20 [gnoll/+0 whip of electrocution (4)]
  3755 | D:3      | Reached XP level 4. HP: 24/25 MP: 11/11
  3760 | D:3      | Learned a level 4 spell: Hailstorm
  4180 | D:3      | HP: 1/25 [gnoll/+0 spear (6)]
  4181 | D:3      | Slain by a gnoll

Illustrated notes

Levels and vault maps discovered:
D:1:      mrwooster_arrival_statue_3, layout_loops_ring,
          shapermc_ecumenical_altar_gd, ebering_dispersal_statue_hall
D:2:      layout_loops_ring, kennysheep_generic_room_3
D:3:      layout_loops_ring

Skill      XL: |  1  2 |
---------------+-------+-----
Stealth        | 3 |  3.8
Fighting       | 1 |  1.4
Staves         | |  0.4
Dodging        | |  2.9
Spellcasting   | |  3.5
Ice Magic      | |  4.6

Action                   |  1- 3 |  4- 6 || total
-------------------------+-------+-------++-------
Melee: Unarmed           |   103 |       ||   103
       Hand axe          |    33 |       ||    33
       Quarterstaff      |    11 |     8 ||    19
       Punch             |     1 |       ||     1
 Cast: Freeze            |    25 |     3 ||    28
       Ozocubu's Armour  |       |     1 ||     1
  Use: Scroll            |     5 |       ||     5
       Potion            |     1 |     1 ||     2
 Stab: Sleeping          |    12 |       ||    12
Armor: Robe              |    49 |     1 ||    50
Dodge: Dodged            |   131 |     8 ||   139

Table legend: (Time is in decaauts)
 A = Elapsed time spent in this place.
 B = Non-inter-level travel time spent in this place.
 C = Inter-level travel time spent in this place.
 D = Time resting spent in this place.
 E = Time spent auto-exploring this place.
 F = Levels seen in this place.
 G = Mean time per level.
                   A        B        C        D        E       F      G
               +--------+--------+--------+--------+--------+-----+--------+
         Total |   4194 |   3942 |    252 |    231 |   3221 |   3 | 1398.0 |
       Dungeon |   4194 |   3942 |    252 |    231 |   3221 |   3 | 1398.0 |
               +--------+--------+--------+--------+--------+-----+--------+

Top non-repeatable levels by time:
     D:1: 2091 daAuts
     D:2: 1329 daAuts
     D:3: 774 daAuts
